 Dungeon Crawl Stone Soup version bcrawl-1.15.1 (webtiles) character file.

Game seed: 6640479735305200473

6 MisterOstroum the Sneak (level 1, 0/12 HPs)
             Began as an Avariel Archaeologist on Oct 1, 2019.
             Slain by a kobold (2 damage)
             ... on level 1 of the Dungeon.
             The game lasted 00:02:27 (210 turns).

MisterOstroum the Sneak (Avariel Archaeologist)      Turns: 210, Time: 00:02:28

Health: 0/12       AC:  6    Str:  9    XL:     1   Next: 90%
Magic:  3/3        EV: 13    Int: 19    God:
Gold:   0          SH:  0    Dex: 11    Spells: 0/0 levels left

rFire    . . .     SeeInvis .   a - +0 whip
rCold    . . .     Gourm    .   (no shield)
rNeg     . . .     Faith    .   b - +1 robe
rPois    .         Spirit   .   c - +1 hat
rElec    .         Reflect  .   (no cloak)
rCorr    .         Harm     .   (no gloves)
MR       .....                  d - +1 pair of boots
Stlth    ++........             (no amulet)
HPRegen  0.04/turn              (no ring)
MPRegen  0.08/turn              (no ring)

@: no status effects
A: no striking features
a: no special abilities


You were on level 1 of the Dungeon.
You were not hungry.

You visited 1 branch of the dungeon, and saw 1 of its levels.

Inventory:

Hand Weapons
 a - a +0 whip (weapon)
Armour
 b - a +1 robe (worn)
 c - a +1 hat (worn)
 d - a +1 pair of boots (worn)
Miscellaneous
 f - an ancient crate
 g - a dusty tome
Comestibles
 e - a ration {!d}
 h - 5 chunks of flesh


   Skills:
 + Level 1.6 Fighting
 - Level 0.7 Maces & Flails
 - Level 3.2 Dodging
 - Level 3.2 Stealth


You couldn't memorise any spells.
You didn't know any spells.
Your spell library was empty.

Dungeon Overview and Level Annotations

Branches:
Dungeon (1/12)

Altars:


Message History

The kobold closely misses you.
You are too injured to fight recklessly!
You are too injured to fight recklessly!
You are too injured to fight recklessly!
You are too injured to fight recklessly!
You are too injured to fight recklessly!
You are too injured to fight recklessly!
You are too injured to fight recklessly!
You are too injured to fight recklessly!
You are too injured to fight recklessly!
You are too injured to fight recklessly!
You are too injured to fight recklessly!
Wear which item? (? for menu, Esc to quit)
Okay, then.
The kobold misses you.
The kobold throws a stone.
The stone hits you but does no damage.
The kobold throws a stone.
The stone misses you.
There is a stone staircase leading down here.
Sorry, you're not good enough to have a special ability.
Unknown command.
Unknown command.
You hit the kobold but do no damage. The kobold closely misses you.
You hit the kobold.
The kobold is moderately wounded.
The kobold hits you but does no damage.
You miss the kobold.
The kobold is moderately wounded.
The kobold hits you with a +0 dagger.
You are too injured to fight recklessly!
You are too injured to fight recklessly!
You are too injured to fight recklessly!
You closely miss the kobold.
The kobold is moderately wounded.
The kobold hits you with a +0 dagger.
You hit the kobold but do no damage.
The kobold is moderately wounded.
The kobold misses you. The kobold hits you with a +0 dagger.
You closely miss the kobold.
The kobold is moderately wounded.
The kobold closely misses you.
You barely miss the kobold.
The kobold is moderately wounded.
The kobold hits you with a +0 dagger.
* * * LOW HITPOINT WARNING * * *
You hit the kobold but do no damage.
The kobold is moderately wounded.
The kobold hits you with a +0 dagger.
* * * LOW HITPOINT WARNING * * *
You hit the kobold.
You kill the kobold!
You hit the kobold but do no damage. The kobold misses you.
A bat comes into view.
Found an escape hatch in the floor.
The bat barely misses you. The bat hits you but does no damage.
You barely miss the bat. The bat closely misses you. The bat barely misses you.
The bat misses you. The bat hits you but does no damage.
The bat barely misses you. The bat closely misses you. The bat hits you.
* * * LOW HITPOINT WARNING * * *
The bat hits you but does no damage. The kobold closely misses you.
You see here a rat skeleton.
The bat closely misses you. The bat barely misses you.
The bat barely misses you. The bat hits you but does no damage.
The bat barely misses you.
You closely miss the bat. The bat barely misses you.
The bat hits you but does no damage. The bat misses you.
The bat hits you but does no damage.
You closely miss the bat. The bat barely misses you. The bat barely misses you.
You hit the bat but do no damage. The bat hits you but does no damage.
The bat barely misses you. The bat barely misses you.
The bat barely misses you. The bat barely misses you.
The bat hits you but does no damage. The bat misses you.
The bat hits you but does no damage. The bat hits you but does no damage.
You see here a rat skeleton.
You barely miss the bat. The bat hits you but does no damage.
You miss the bat. The bat hits you.
* * * LOW HITPOINT WARNING * * *
The bat hits you but does no damage.
You barely miss the bat. The bat closely misses you.
Press: ? - help, v - describe, . - travel
Here: a bat The floor.
You hit the bat but do no damage. The bat hits you but does no damage. x2
You hit the bat.
You kill the bat!
You hit the kobold.
The kobold is severely wounded.
The kobold hits you.
You die...

##......#
##...÷.#.#
####......#.######.
+....÷...........>.
###....####.#####.
#.#.......# ♣
#.######### ♣♣♣ ###
#.# .P♣ #+##.## #@#
♣.♣ #.#...###K# ♣.♣
#......##.#
♣.♣#####.......#.#
...'.##.......K..#
♣♣♣#.......÷...###
##.#.......##
#####.##.#...##
............##


You could see a kobold.

Vanquished Creatures
  A leopard gecko (D:1)
  2 bats (D:1)
  A frilled lizard (D:1)
  A kobold (D:1)
  A rat (D:1)
6 creatures vanquished.

Notes
Turn   | Place    | Note
-------+----------+-------------------------------------------
     0 | D:1      | MisterOstroum the Avariel Archaeologist began the quest for
                  | the Orb.
     0 | D:1      | Reached XP level 1. HP: 11/11 MP: 3/3
    20 | D:1      | Reached skill level 1 in Fighting
   210 | D:1      | Slain by a kobold

Skill      XL: |  1 |
---------------+----+-----
Fighting       | 1 |  1.6
Maces & Flails | |  0.7
Dodging        | |  3.2
Stealth        | |  3.2

Action                   || total
-------------------------++-------
Melee: Whip              ||    37
Armor: Robe              ||    21
Dodge: Dodged            ||    51
